 Dungeon Crawl Stone Soup version 0.29.0-11-gd7f09526c8 (webtiles) character file.

Game seed: 281684783427739405

6178 Zonian the Scholar of Death (level 10, -2/63 HPs)
             Began as a Demonspawn Necromancer on Sept 4, 2022.
             Was a Follower of Kikubaaqudgha.
             Slain by an orc knight
             ... wielding a +0 halberd
              (14 damage)
             ... in a bailey.
             The game lasted 00:36:44 (16828 turns).

Zonian the Scholar of Death (DsNe)                 Turns: 16828, Time: 00:36:46

Health: -2/63      AC: 20    Str:  4    XL:     10   Next: 60%
Magic:  8/24       EV: 12    Int: 21    God:    Kikubaaqudgha [*.....]
Gold:   352        SH:  0    Dex: 14    Spells: 16/29 levels left

rFire   x . .      SeeInvis .   u - +2 dagger (venom)
rCold   + . .      Faith    .   (no shield)
rNeg    + + +      Spirit   .   J - +0 steam dragon scales
rPois   .          Reflect  .   (helmet restricted)
rElec   .          Harm     .   C - +1 cloak of Midsummer {rN+++ Will+ Str-4 Stlth+}
rCorr   .          Rampage  .   E - +0 pair of gloves
Will    +....                   (no boots)
Stlth   +++.......              n - amulet of the acrobat
HPRegen 0.20/turn               f - ring of ice
MPRegen 0.19/turn               B - ring of positive energy

@: sanguine armoured, studying Axes
A: antennae 2, demonic guardian 1, ignite blood 1, sanguine armour 3
a: Renounce Religion, Unearth Wretches


You were in a bailey.
You worshipped Kikubaaqudgha.
Kikubaaqudgha was aware of your devotion.
You visited 2 branches of the dungeon, and saw 10 of its levels.
You also visited: Bailey.

You collected 382 gold pieces.
You spent 30 gold pieces at shops.

Inventory:

Hand Weapons
 h - a +0 sling of freezing
 i - a +0 short sword
 p - a +2 short sword of flaming
 u - a +2 dagger of venom (weapon)
 D - a +2 vampiric short sword
 H - a +6 dagger
 I - a +1 war axe of draining
 M - a +2 scimitar of flaming
Missiles
 o - 19 poisoned darts
 N - 3 silver boomerangs
Armour
 a - a +0 robe
 t - a +0 ring mail of positive energy
 v - a +1 cloak
 y - a +0 kite shield
 C - the +1 cloak of Midsummer (worn) {rN+++ Will+ Str-4 Stlth+}
   (You found it on level 6 of the Dungeon)

   Str:       It affects your strength (-4).
   rN:        It renders you almost immune to negative energy.
   Will:      It increases your willpower.
   Stlth:     It makes you more stealthy.
 E - a +0 pair of gloves (worn)
 J - +0 steam dragon scales (worn)
Jewellery
 f - a ring of ice (left hand)
 n - an amulet of the acrobat (around neck)
 B - a ring of positive energy (right hand)
Wands
 A - a wand of mindburst (7)
Scrolls
 d - a scroll of magic mapping
 e - 2 scrolls of teleportation
 F - a scroll of immolation
Potions
 b - a potion of magic
 c - a potion of heal wounds
 g - 2 potions of invisibility {unknown}
 k - a potion of attraction {unknown}
 l - 3 potions of might
 m - 2 potions of curing {unknown}
 q - 2 potions of mutation {unknown}
 r - 2 potions of flight {unknown}
 w - a potion of ambrosia {unknown}
 x - 2 potions of brilliance {unknown}
 z - 2 potions of haste
 G - a potion of degeneration {unknown}
 K - 2 potions of lignification {unknown}


   Skills:
 + Level 4.2 Short Blades
 - Level 2.3 Dodging
 - Level 2.3 Stealth
 - Level 10.1 Spellcasting
 - Level 12.5 Necromancy


You had 16 spell levels left.
You knew the following spells:

 Your Spells              Type           Power      Damage    Failure   Level
a - Necrotise             Necr           100%       1d9       1%          1
b - Vampiric Draining     Necr           58%        2d10      1%          3
c - Animate Dead          Necr           58%        N/A       1%          4
d - Agony                 Necr           58%        N/A       1%          5

Your spell library contained the following spells:

 Spells                   Type           Power      Damage    Failure   Level
 Sublimation of Blood     Necr           58%        N/A       1%          2
 Anguish                  Hex/Necr       18%        N/A       4%          4
 Apportation              Tloc           20%        N/A       6%          1
 Shock                    Conj/Air       40%        1d5       6%          1
 Summon Small Mammal      Summ           40%        N/A       6%          1
 Ensorcelled Hibernation  Hex/Ice        30%        N/A       10%         2
 Conjure Flame            Conj/Fire      10%        6-21      19%         3
 Ignite Poison            Fire/Tmut/Pois 10%        N/A       19%         3
 Mephitic Cloud           Conj/Pois/Air  10%        N/A       19%         3
 Summon Guardian Golem    Hex/Summ       10%        N/A       19%         3
 Swiftness                Air            10%        N/A       19%         3
 Petrify                  Tmut/Erth      10%        N/A       54%         4
 Sticky Flame             Conj/Fire      10%        2d3       54%         4
 Simulacrum               Ice/Necr       26%        N/A       58%         6
 Irradiate                Conj/Tmut      5%         3d13      87%         5
 Orb of Destruction       Conj           5%         9d5       100%        7
 Spellforged Servitor     Conj/Summ      5%         N/A       100%        7


Dungeon Overview and Level Annotations

Branches:
Dungeon (9/15)             Temple (1/1) D:6          Bailey (1/1)
   Lair: D:8-11         Orc: D:9-12

Altars:
Ashenzari
Cheibriados
Dithmenos
Hepliaklqana
Kikubaaqudgha
Makhleb
Nemelex Xobeh
Okawaru
Qazlal
Ru
Trog
Uskayaw
Wu Jian
Xom
Yredelemnul

Shops:
D:2 [:   D:6 *   D:7 [*?[


Innate Abilities, Weirdness & Mutations

You have a pair of antennae on your head.
A weak demonic guardian rushes to your aid.
Your demonic aura sometimes causes spilled blood to erupt in flames.
When seriously injured, your blood forms very thick armour. (AC +12)


Message History

The orc knight completely misses you.
Unknown command.
Casting: Necrotise (safe; 1% risk of failure)
Confirm with . or Enter, or press ? or * to list all spells.
Aiming: Vampiric Draining (safe; 1% risk of failure)
Press: ? - help, Shift-Dir - straight line, f/p - orc knight
Aim: an orc knight, wielding a +0 halberd (moderately wounded, very poisoned)
You draw life force from the orc knight!
You feel life coursing into your body.
The orc knight hits you with a +0 halberd!
Unknown command.
Casting: Vampiric Draining (safe; 1% risk of failure)
Confirm with . or Enter, or press ? or * to list all spells.
Aiming: Vampiric Draining (safe; 1% risk of failure)
Press: ? - help, Shift-Dir - straight line, f/p - orc knight
Aim: an orc knight, wielding a +0 halberd (moderately wounded, very poisoned)
You draw life force from the orc knight!
You feel life coursing into your body.
The orc knight hits you with a +0 halberd!
* * * LOW HITPOINT WARNING * * *
Casting: Vampiric Draining (safe; 1% risk of failure)
Confirm with . or Enter, or press ? or * to list all spells.
Aiming: Vampiric Draining (safe; 1% risk of failure)
Press: ? - help, Shift-Dir - straight line, f/p - orc knight
Aim: an orc knight, wielding a +0 halberd (heavily wounded, poisoned)
You draw life force from the orc knight!
You feel life coursing into your body!
The orc knight hits you with a +0 halberd!!
* * * LOW HITPOINT WARNING * * *
Casting: Vampiric Draining (safe; 1% risk of failure)
Confirm with . or Enter, or press ? or * to list all spells.
Aiming: Vampiric Draining (safe; 1% risk of failure)
Press: ? - help, Shift-Dir - straight line, f/p - orc knight
Aim: an orc knight, wielding a +0 halberd (severely wounded, poisoned)
You draw life force from the orc knight.
You feel life coursing into your body.
Your reaping aura expires.
The orc knight hits you with a +0 halberd!
You die...
Kikubaaqudgha rasps: "You have failed me!
Welcome... death!" ### ### ##### #)###.###°g)## ##'##'##(###'# { ##....o## ##{g!.!# ###.°○@.### goo!.#

#○'.°⌠.°○°#
{.⌠.!'.
###°..°.###
.!.!.##
##...○)#
!.!.!#
##'##○##°#
##+##+
#°###)# #.#
#)# ###
#### ###
### #)###.#
#)###)###)#
##'##'##+
##'##'##'##


You could see an orc knight (poisoned) and a gnoll.

Vanquished Creatures
  A boulder beetle (D:8)
  Erica (D:8)
  A two-headed ogre (D:8)
  Maggie (D:7)
  A hornet (D:9)
  Prince Ribbit (D:8)
  7 yaks
  A wyvern (D:8)
  2 water moccasins (D:7)
  4 orc warriors
  3 black bears
  3 ogres
  4 centaurs
  A phantom (D:7)
  3 kobold brigands
  4 bullfrogs
  2 necrophages
  A gnoll sergeant (D:6)
  2 scorpions
  A wight (D:8)
  An electric eel (D:7)
  2 hounds
  A jelly (D:8)
  Crazy Yiuf (D:5)
  3 orc priests
  3 iguanas
  5 orc wizards
  14 gnolls
  4 adders
  4 white imps
  2 ufetubi
  3 worms
  A dart slug (D:4)
  33 orcs
  3 endoplasms
  4 giant cockroaches
  5 goblins
  3 hobgoblins
  3 jackals (D:1)
  5 quokkas
  3 ball pythons
  5 bats (D:1)
  2 frilled lizards (D:1)
  13 kobolds
  3 kobold zombies (D:7)
  An orc zombie (D:8)
  15 rats
186 creatures vanquished.

Vanquished Creatures (collateral kills)
  A steam dragon (D:6)
  3 gnolls
  3 adders
  A white imp (D:7)
  3 orcs
  2 endoplasms (D:3)
  2 goblins (D:9)
  A jackal (D:1)
  6 kobolds
  3 rats (D:1)
25 creatures vanquished.

Vanquished Creatures (others)
  A slime creature (D:8)
  A black bear (shapeshifter) (D:8)
  A centaur (D:8)
  A centaur zombie (D:8)
  5 orc zombies
  An orc (Bailey)
  5 kobold zombies
15 creatures vanquished.

Grand Total: 226 creatures vanquished

Notes
Turn   | Place    | Note
-------+----------+-------------------------------------------
     0 | D:1      | Zonian the Demonspawn Necromancer began the quest for the
                  | Orb.
     0 | D:1      | Reached XP level 1. HP: 13/13 MP: 3/3
   374 | D:1      | Gained mutation: A weak demonic guardian rushes to your
                  | aid. [demonic ancestry]
   374 | D:1      | Reached XP level 2. HP: 10/19 MP: 0/5
  1532 | D:2      | Found Iwask's Vocational Training.
  1547 | D:2      | Reached XP level 3. HP: 24/24 MP: 6/6
  1668 | D:2      | Found Uwuom's Antique Armour Boutique.
  1907 | D:2      | Learned a level 3 spell: Vampiric Draining
  2204 | D:2      | Found a shadowy altar of Dithmenos.
  2604 | D:3      | Reached skill level 5 in Necromancy
  2667 | D:3      | Got the Textbook on Ozone and the Blizzard
  2681 | D:3      | Gained mutation: Your demonic aura sometimes causes spilled
                  | blood to erupt in flames. [demonic ancestry]
  2681 | D:3      | Reached XP level 4. HP: 21/30 MP: 5/8
  2874 | D:3      | HP: 1/30 [gnoll/+1 flail of protection (13)]
  3523 | D:3      | Gained mutation: When seriously injured, your blood forms
                  | armour. (AC +12) [demonic ancestry]
  3523 | D:3      | Reached XP level 5. HP: 12/35 MP: 6/9
  4319 | D:4      | Noticed an ogre
  4331 | D:4      | Killed an ogre
  4332 | D:4      | Reached skill level 6 in Necromancy
  4453 | D:4      | Gained mutation: You have a pair of small antennae on your
                  | head. [demonic ancestry]
  4453 | D:4      | Reached XP level 6. HP: 20/41 MP: 7/12
  6252 | D:4      | Reached skill level 7 in Necromancy
  6252 | D:4      | Gained mutation: When seriously injured, your blood forms
                  | thick armour. (AC +12) [demonic ancestry]
  6252 | D:4      | Reached XP level 7. HP: 27/46 MP: 7/14
  6647 | D:4      | Reached skill level 5 in Spellcasting
  6914 | D:5      | Entered Level 5 of the Dungeon
  7001 | D:5      | Learned a level 4 spell: Animate Dead
  7552 | D:5      | Found a runed translucent door.
  7553 | D:5      | Noticed Crazy Yiuf
  7562 | D:5      | Killed Crazy Yiuf
  8112 | D:6      | Found a stormy altar of Qazlal.
  8146 | D:6      | Reached skill level 8 in Necromancy
  8520 | D:6      | Found Loasu's General Store.
  8536 | D:6      | Bought a scroll of teleportation for 30 gold pieces
  8627 | D:6      | Gained mutation: You have a pair of antennae on your head.
                  | [demonic ancestry]
  8627 | D:6      | Reached XP level 8. HP: 31/52 MP: 14/17
  8898 | D:6      | Identified the +1 cloak of Midsummer {rN+++ Will+ Str-4
                  | Stlth+}
  8943 | D:6      | Found a staircase to the Ecumenical Temple.
  8958 | Temple   | Entered the Ecumenical Temple
  9001 | Temple   | Became a worshipper of Kikubaaqudgha
  9533 | D:6      | Reached skill level 9 in Necromancy
 10622 | D:7      | Found Udank's General Store.
 10800 | D:7      | Reached skill level 10 in Necromancy
 10800 | D:7      | Reached XP level 9. HP: 51/57 MP: 15/20
 10869 | D:7      | Found Yttammau's Armour Emporium.
 11009 | D:7      | Found Ojukefud's Magic Scroll Emporium.
 11116 | D:7      | Found Miejeuci's Antique Weapon Shoppe.
 11121 | D:7      | Noticed Maggie
 11131 | D:7      | Killed Maggie
 11348 | D:7      | Found Naddiaru's Antique Armour Emporium.
 11521 | D:7      | Reached * piety under Kikubaaqudgha
 11521 | D:7      | Received a gift from Kikubaaqudgha
 12003 | D:8      | Noticed Prince Ribbit
 12424 | D:8      | Killed Prince Ribbit
 12425 | D:8      | Reached skill level 11 in Necromancy
 12440 | D:8      | Noticed Erica
 13506 | D:8      | Killed Erica
 13791 | D:8      | Gained mutation: When seriously injured, your blood forms
                  | very thick armour. (AC +12) [demonic ancestry]
 13791 | D:8      | Reached XP level 10. HP: 24/63 MP: 23/23
 14216 | D:8      | Noticed a two-headed ogre
 14229 | D:8      | Killed a two-headed ogre
 14230 | D:8      | Reached skill level 12 in Necromancy
 15215 | D:8      | Reached skill level 10 in Spellcasting
 15462 | D:8      | Learned a level 5 spell: Agony
 15707 | D:8      | Reached skill level 1 in Short Blades
 16116 | D:9      | Found a flagged portal.
 16125 | D:9      | Paralysed by a hornet for 2 turns
 16176 | Bailey   | Entered a bailey
 16789 | Bailey   | Noticed an orc knight
 16828 | Bailey   | Slain by an orc knight

Illustrated notes

Levels and vault maps discovered:
D:1:      dpeg_arrival_prison, layout_loops_ring, minmay_rat_gold_closets
D:2:      layout_basic, serial_shops, shop_fountains, basic_altar,
          nicolae_shop_vocational
D:3:      layout_rooms
D:4:      layout_basic
D:5:      layout_loops_corners, uniq_crazy_yiuf_cottage
D:6:      layout_gridville, kennysheep_little_box,
          minmay_temple_entry_glassed_door, serial_shops, shop
D:7:      layout_loops_cross, serial_shops, nicolae_lakefront_shop,
          nicolae_shop_crystal, nicolae_shop_waterfront, shop,
          nicolae_square_shop, uniq_maggie
D:8:      layout_cave_pools, st_stairs_1, uniq_prince_ribbit1, uniq_erica
D:9:      layout_rooms, erik_lair_island, enter_bailey_5,
          chequers_serial_rivers_small_b, small_statue_alley_b
Temple:   compressed_dpeg_circular_temple
Bailey:   bailey_polearm_nasty_gnolls, bailey

Skill      XL: |  1  2  3  4  5  6  7  8  9 10 |
---------------+-------------------------------+-----
Stealth        | 2 |  2.3
Dodging        | 2 |  2.3
Necromancy     | 5 6 7 8 10 11 12 | 12.5
Spellcasting   | 3 4 6 7 9 10 | 10.1
Short Blades   | 4 |  4.2

Action                   |  1- 3 |  4- 6 |  7- 9 | 10-12 || total
-------------------------+-------+-------+-------+-------++-------
Melee: Unarmed           |    21 |       |       |       ||    21
       Short sword       |    42 |    24 |    45 |    43 ||   154
       Dagger            |       |    74 |   204 |    77 ||   355
       Punch             |       |       |     2 |     3 ||     5
Throw: Dart              |       |    12 |     2 |     7 ||    21
       Throwing net      |       |       |       |     1 ||     1
 Cast: Necrotise         |    47 |    33 |    22 |     5 ||   107
       Vampiric Draining |       |     1 |    26 |    18 ||    45
       Animate Dead      |       |       |     4 |     3 ||     7
Invok: Unearth Wretches  |       |       |       |     2 ||     2
Evoke: Wand              |       |       |    15 |     8 ||    23
  Use: Scroll            |       |     7 |     6 |     3 ||    16
       Potion            |       |       |     1 |     3 ||     4
 Stab: Sleeping          |    10 |     5 |     8 |    10 ||    33
       Distracted        |       |       |     3 |       ||     3
       Paralysed         |       |       |       |     4 ||     4
       Held in net/web   |       |       |       |     1 ||     1
Armor: Robe              |    21 |    21 |    51 |       ||    93
       Steam dragon scal |       |       |    46 |    43 ||    89
Dodge: Dodged            |    73 |    74 |   225 |   101 ||   473
